 Dungeon Crawl Stone Soup version 0.30-a0-4-ga7cffc901d (webtiles) character file.

Game seed: 6613973804261053063

35 Setbun the Sneak (level 3, 0/20 HPs)
             Began as a Kobold Enchanter on Aug 20, 2022.
             Succumbed to an adder's poison
             ... on level 2 of the Dungeon.
             The game lasted 00:01:00 (1496 turns).

Setbun the Sneak (Kobold Enchanter)                 Turns: 1496, Time: 00:01:00

Health: 0/20       AC:  4    Str:  5    XL:     3   Next: 52%
Magic:  15/15      EV: 15    Int: 16    God:
Gold:   29         SH:  0    Dex: 17    Spells: 6/6 levels left

rFire   . . .      SeeInvis .    a - +1 dagger
rCold   . . .      Faith    .    (no shield)
rNeg    . . .      Spirit   .    b - +0 robe
rPois   .          Reflect  .    f - +1 helmet
rElec   .          Harm     .    (no cloak)
rCorr   .          Rampage  .    (no gloves)
Will    .....                    (no boots)
Stlth   ++++......               (no amulet)
HPRegen 0.06/turn                h - ring of magical power
MPRegen 0.14/turn                (no ring)

@: lethally poisoned (0 -> -6)
A: small, no large weapons, nightstalker 3
a: no special abilities


You were on level 2 of the Dungeon.
You visited 1 branch of the dungeon, and saw 2 of its levels.

You collected 29 gold pieces.

Inventory:

Hand Weapons
 a - a +1 dagger (weapon)
Armour
 b - a +0 robe (worn)
 f - a +1 helmet (worn)
Jewellery
 h - a ring of magical power (left hand)
Scrolls
 e - 3 scrolls of immolation {unknown}
 g - 3 scrolls of enchant weapon {unknown}
 i - 2 scrolls of noise {unknown}
 j - a scroll of blinking {unknown}
 k - a scroll of summoning {unknown}
 m - a scroll of fear {unknown}
 n - a scroll of identify {unknown}
Potions
 c - 2 potions of invisibility
 d - a potion of haste {unknown}
 l - 2 potions of attraction {unknown}
 o - 2 potions of mutation {unknown}


   Skills:
 + Level 1.0 Fighting
 * Level 2.7 Short Blades
 + Level 2.7 Dodging
 + Level 4.3 Stealth
 + Level 2.3 Spellcasting
 + Level 3.1 Hexes


You had 6 spell levels left.
You didn't know any spells.
Your spell library contained the following spells:

 Spells                   Type           Power      Damage    Failure   Level
 Ensorcelled Hibernation  Hex/Ice        14%        N/A       16%         2
 Confusing Touch          Hex            12%        N/A       16%         3
 Tukima's Dance           Hex            12%        N/A       16%         3
 Dazzling Flash           Conj/Hex       14%        N/A       30%         3


Dungeon Overview and Level Annotations

Branches:
Dungeon (2/15)

Altars:


Innate Abilities, Weirdness & Mutations

You are small and have problems with some larger weapons.
You are completely attuned to the shadows.


Message History

You barely miss the adder.
The adder is heavily wounded.
The adder closely misses you.
A frilled lizard comes into view.
The ball python barely misses you. The ball python misses you.
You closely miss the adder.
The adder is heavily wounded.
The adder closely misses you. The ball python barely misses you.
The ball python grabs you. The ball python constricts you.
You barely miss the ball python. The adder barely misses you.
The ball python bites you. The ball python constricts you.
The frilled lizard hisses angrily.
You hit the ball python.
You kill the ball python!
The adder closely misses you.
You hit the adder.
The adder is severely wounded.
The adder barely misses you. The adder bites you.
You are poisoned.
The adder poisons you!
You hit the adder but do no damage.
The adder is severely wounded.
You feel sick. The kobold misses you. The frilled lizard misses you.
The adder closely misses you.
You completely miss the kobold.
You feel sick. The kobold hits you with a +0 dagger.
The frilled lizard completely misses you.
The adder barely misses you.
The frilled lizard attacks as you move away!
The frilled lizard barely misses you.
You feel sick.
You feel sick. The adder bites you.
* * * LOW HITPOINT WARNING * * *
You are lethally poisoned!
The adder poisons you! The adder attacks as you move away!
The adder completely misses you. The kobold attacks as you move away!
The kobold barely misses you.
* * * LOW HITPOINT WARNING * * *
You feel sick. The kobold attacks as you move away!
The kobold closely misses you.
You die...

...###....#.#.#.#.#
#...#....# ..##
#.#..#.#.#.#.###..##....####
.##
#.##.......#......###.......
## #.##.###.###.....##
#...#... # #.##.###.#
#...### #...#.). #........#
#.#### ##..##.. ####.###.#
#....#### #..#### # #.#
#.###..l.[..# .... ## #.#
#...@.S...... .... .# #.#
#####.K.KJ... ##.. ## #.#
#.###g### ### ### #.# ...
... #.# J... ### #.# ....


You could see an adder, 2 kobolds and a frilled lizard.

Vanquished Creatures
  2 dart slugs (D:1)
  4 ball pythons
  4 endoplasms (D:2)
  2 giant cockroaches
  3 goblins
  2 hobgoblins (D:2)
  3 kobolds
  A quokka (D:1)
  2 bats (D:1)
  4 frilled lizards
  3 rats
30 creatures vanquished.

Notes
Turn   | Place    | Note
-------+----------+-------------------------------------------
     0 | D:1      | Setbun the Kobold Enchanter began the quest for the Orb.
     0 | D:1      | Reached XP level 1. HP: 10/10 MP: 3/3
   229 | D:1      | Reached XP level 2. HP: 15/15 MP: 5/5
   928 | D:2      | Reached XP level 3. HP: 13/20 MP: 6/6
  1103 | D:2      | Found a faded altar of an unknown god.
  1324 | D:2      | Reached skill level 1 in Fighting
  1496 | D:2      | Succumbed to an adder's poison

Illustrated notes

Levels and vault maps discovered:
D:1:      spicycebolla_arrival_clurvy, layout_basic, due_unseen_surprise
D:2:      minmay_recursive_quarters, layout_loops_corners,
          hellmonk_ecumenical_altar_crossroads

Skill      XL: |  1  2  3 |
---------------+----------+-----
Short Blades   | 2 |  2.7
Fighting       | 1 |  1.0
Dodging        | |  2.7
Stealth        | |  4.3
Spellcasting   | |  2.3
Hexes          | |  3.1

Action                   || total
-------------------------++-------
Melee: Dagger            ||    54
 Stab: Sleeping          ||    21
Armor: Robe              ||     6
Dodge: Dodged            ||    42

Table legend: (Time is in decaauts)
 A = Elapsed time spent in this place.
 B = Non-inter-level travel time spent in this place.
 C = Inter-level travel time spent in this place.
 D = Time resting spent in this place.
 E = Time spent auto-exploring this place.
 F = Levels seen in this place.
 G = Mean time per level.
                   A        B        C        D        E       F      G
               +--------+--------+--------+--------+--------+-----+--------+
         Total |   1488 |   1448 |     40 |    125 |   1136 |   2 |  744.0 |
       Dungeon |   1488 |   1448 |     40 |    125 |   1136 |   2 |  744.0 |
               +--------+--------+--------+--------+--------+-----+--------+

Top non-repeatable levels by time:
     D:1: 867 daAuts
     D:2: 621 daAuts
